 Dungeon Crawl Stone Soup version 0.29-a0-664-gff9cad4a3d (webtiles) character file.

Game seed: 11852203344827443207

5960 HoaS the Grappler (level 10, -8/65 HPs)
             Began as a Tengu Berserker on June 22, 2022.
             Was an Elder of Trog.
             Mangled by an eight-headed hydra (12 damage)
             ... on level 9 of the Dungeon.
             The game lasted 00:19:28 (9744 turns).

HoaS the Grappler (Tengu Berserker)                 Turns: 9744, Time: 00:19:29

Health: -8/65      AC: 16    Str: 21    XL:     10   Next: 84%
Magic:  11/11      EV: 16    Int:  8    God:    Trog [****..]
Gold:   421        SH:  0    Dex: 21    Spells: 9/9 levels left

rFire   . . .      SeeInvis .     - Unarmed
rCold   . . .      Faith    .   (no shield)
rNeg    . . .      Spirit   .   h - +1 plate armour {Will+}
rPois   .          Reflect  .   (helmet restricted)
rElec   .          Harm     .   (no cloak)
rCorr   +          Rampage  .   d - +1 pair of gloves
Will    +....      NoTele   +   (boots unavailable)
Stlth   ..........              p - amulet "Quecva Geeh" {Acrobat -Tele rCorr Str+2 Dex+5}
HPRegen 0.20/turn               f - +4 ring of evasion
MPRegen 0.12/turn               (no ring)

@: on berserk cooldown, flying quickly and evasively, quick
A: beak, talons 3, nimble flight
a: Renounce Religion, Berserk, Trog's Hand, Brothers in Arms


You were on level 9 of the Dungeon.
You worshipped Trog.
Trog was greatly pleased with you.
You visited 1 branch of the dungeon, and saw 9 of its levels.

You collected 631 gold pieces.
You spent 210 gold pieces at shops.

Inventory:

Missiles
 q - a throwing net (quivered)
Armour
 d - a +1 pair of gloves (worn)
 h - a +1 plate armour of willpower (worn)
Jewellery
 f - a +4 ring of evasion (left hand)
 p - the amulet "Quecva Geeh" (around neck) {Acrobat -Tele rCorr Str+2 Dex+5}
   (You found it on level 7 of the Dungeon)

   [amulet of the acrobat]

   It increases your evasion while moving and waiting.
   Str:       It affects your strength (+2).
   Dex:       It affects your dexterity (+5).
   -Tele:     It prevents most forms of teleportation.
   rCorr:     It protects you from acid and corrosion.
Wands
 m - a wand of flame (29)
 r - a wand of light (10)
 s - a wand of charming (1)
Scrolls
 l - 9 scrolls of teleportation
 n - a scroll of fear
Potions
 a - a potion of mutation
 b - 3 potions of lignification
 c - a potion of invisibility
 e - 2 potions of curing
 g - a potion of degeneration {unknown}
 i - 2 potions of haste
 j - 2 potions of attraction
 k - a potion of heal wounds {unknown}
 o - 2 potions of might


   Skills:
 * Level 8.7 Fighting
 + Level 6.6 Armour
 + Level 6.6 Dodging
 * Level 12.5 Unarmed Combat


You had 9 spell levels left.
You didn't know any spells.
Your spell library was empty.

Dungeon Overview and Level Annotations

Branches:
Dungeon (9/15)             Temple (0/1) D:5            Lair (0/6) D:8
    Orc: D:9-12

Altars:
Cheibriados
Elyvilon
Hepliaklqana
Kikubaaqudgha
Sif Muna
Trog
Wu Jian
Xom

Shops:
D:6 *   D:8 ?


Innate Abilities, Weirdness & Mutations

You have a beak for a mouth.
You have claws for feet.
Your magical nature lets you fly swiftly and evasively.


Message History

The eight-headed hydra completely misses you.
The eight-headed hydra bites you but does no damage.
The eight-headed hydra misses you. The eight-headed hydra bites you.
Items here: ( )) [ †.
The eight-headed hydra attacks as you move away!
The eight-headed hydra closely misses you.
The eight-headed hydra completely misses you.
The eight-headed hydra bites you.
The eight-headed hydra barely misses you.
The eight-headed hydra completely misses you.
The eight-headed hydra closely misses you. x2
The eight-headed hydra completely misses you.
You feel yourself speed up.
The eight-headed hydra closely misses you.
The eight-headed hydra completely misses you. x3
The eight-headed hydra barely misses you.
The eight-headed hydra bites you! x2
The eight-headed hydra bites you but does no damage.
You cannot teleport because you are wearing the amulet "Quecva Geeh" {Acrobat -Tele rCorr Str+2 Dex+5}.
You punch the eight-headed hydra! You claw the eight-headed hydra!
The eight-headed hydra is moderately wounded.
The eight-headed hydra bites you.
The eight-headed hydra closely misses you.
The eight-headed hydra bites you but does no damage.
The eight-headed hydra bites you. The eight-headed hydra bites you!
* * * LOW HITPOINT WARNING * * *
The eight-headed hydra bites you.
* * * LOW HITPOINT WARNING * * *
The eight-headed hydra bites you.
* * * LOW HITPOINT WARNING * * *
The eight-headed hydra barely misses you.
You feel better.
The eight-headed hydra bites you but does no damage. x4
The eight-headed hydra closely misses you.
The eight-headed hydra bites you.
* * * LOW HITPOINT WARNING * * *
The eight-headed hydra bites you.
* * * LOW HITPOINT WARNING * * *
The eight-headed hydra bites you!
You die...

..♣♣♣o.♣ #.≈≈≈.#
♣Ko.♣♣...♣#.≈≈≈.#
##)## #####.≈≈≈.#
#...#♣♣.♣♣#.≈≈≈.# #
♣♣.(K♣♣..o♣♣♣≈≈≈♣#.##
.'>8<'.F.g.go≈≈≈....#
♣♣...♣♣...♣♣♣≈y≈♣#..#
#...#♣♣.♣♣#.≈O≈.#
##'## ### #.≈≈D@# ...
#.≈≈≈.# .♣.♣ #.≈≈≈.#
.♣♣.♣ #♣.≈.♣# ♣ ♣♣.♣♣
###


You could see an eight-headed hydra, a two-headed ogre, an orc warrior, a gnoll
shaman and a killer bee.

Vanquished Creatures
  A tengu warrior (D:9)
  Pikel (D:5)
  A komodo dragon (D:8)
  A hornet (D:8)
  Grinder (D:4)
  A troll (D:9)
  Sigmund (D:2)
  A vampire (D:8)
  A wraith (D:9)
  3 steam dragons
  2 water moccasins (D:5)
  3 orc warriors
  An ice beast (D:5)
  3 sky beasts (D:7)
  3 ogres (D:4)
  2 centaurs
  3 lemures (D:4)
  A phantom (D:5)
  2 kobold brigands (D:9)
  5 bullfrogs
  2 scorpions
  A necrophage (D:8)
  2 gnoll sergeants
  6 wights
  An electric eel (D:9)
  A howler monkey (D:9)
  The ghost of Zebulonius the Conjurer, a weakling DECj (D:3)
  A jelly (D:7)
  2 orc priests
  2 hounds (D:6)
  3 iguanas
  Natasha (twice) (D:4)
  3 orc wizards (D:7)
  Robin (D:1)
  10 gnolls
  10 adders
  A shadow imp (D:7)
  2 white imps
  2 ufetubi (D:6)
  A worm (D:4)
  3 dart slugs
  27 orcs
  7 ball pythons
  9 endoplasms
  5 giant cockroaches
  14 goblins
  12 hobgoblins
  3 jackals (D:1)
  5 kobolds
  2 quokkas (D:1)
  9 bats
  4 frilled lizards
  2 rats
193 creatures vanquished.

Vanquished Creatures (others)
  7 fungi (D:8)
  5 plants (D:8)
12 creatures vanquished.

Grand Total: 205 creatures vanquished

Notes
Turn   | Place    | Note
-------+----------+-------------------------------------------
     0 | D:1      | HoaS the Tengu Berserker began the quest for the Orb.
     0 | D:1      | Reached XP level 1. HP: 14/14 MP: 2/2
   200 | D:1      | Reached XP level 2. HP: 17/19 MP: 3/3
   208 | D:1      | Reached skill level 4 in Unarmed Combat
   561 | D:1      | Reached XP level 3. HP: 19/23 MP: 4/4
   680 | D:1      | Found a faded altar of an unknown god.
  1103 | D:2      | Noticed Sigmund
  1250 | D:2      | Noticed Robin
  1254 | D:1      | Reached ** piety under Trog
  1347 | D:1      | Reached skill level 5 in Unarmed Combat
  1412 | D:1      | Killed Robin
  1413 | D:1      | Reached XP level 4. HP: 7/28 MP: 5/5
  1650 | D:2      | Killed Sigmund
  1651 | D:2      | Reached skill level 7 in Unarmed Combat
  1651 | D:2      | Gained mutation: Your magical nature lets you fly swiftly
                  | and evasively. [Tengu growth]
  1651 | D:2      | Reached XP level 5. HP: 32/32 MP: 6/6
  1651 | D:2      | Reached XP level 6. HP: 37/37 MP: 7/7
  2739 | D:3      | Found a bloodstained altar of Trog.
  2757 | D:3      | Found a runed translucent door.
  2763 | D:3      | Noticed Zebulonius's ghost (weakling DECj)
  3111 | D:3      | Killed Zebulonius's ghost
  3228 | D:4      | Reached *** piety under Trog
  3229 | D:4      | Reached skill level 8 in Unarmed Combat
  3461 | D:4      | Found a snail-covered altar of Cheibriados.
  3633 | D:4      | Noticed Grinder
  3653 | D:4      | Paralysed by Grinder for 2 turns
  3659 | D:4      | Killed Grinder
  3660 | D:4      | Reached skill level 9 in Unarmed Combat
  3660 | D:4      | Reached XP level 7. HP: 14/41 MP: 8/8
  4156 | D:4      | Found a shimmering altar of Xom.
  4317 | D:4      | Noticed Natasha
  4327 | D:4      | Killed Natasha
  4597 | D:4      | Noticed Natasha
  4613 | D:4      | Killed Natasha
  4689 | D:5      | Entered Level 5 of the Dungeon
  5199 | D:4      | Reached XP level 8. HP: 44/48 MP: 9/9
  5415 | D:5      | Noticed Pikel
  5520 | D:5      | Killed Pikel
  5521 | D:5      | Reached skill level 5 in Fighting
  5521 | D:5      | Reached skill level 10 in Unarmed Combat
  5728 | D:5      | Found a staircase to the Ecumenical Temple.
  5752 | D:5      | Reached XP level 9. HP: 46/54 MP: 10/10
  6101 | D:5      | Found a white marble altar of Elyvilon.
  7459 | D:6      | Found Vehorir's Serpentskin Sales.
  7704 | D:7      | Found an ancient bone altar of Kikubaaqudgha.
  7705 | D:7      | Found a shimmering blue altar of Sif Muna.
  7705 | D:7      | Found a hazy altar of Hepliaklqana.
  7730 | D:7      | Reached skill level 11 in Unarmed Combat
  7773 | D:7      | Reached skill level 5 in Armour
  7773 | D:7      | Reached skill level 5 in Dodging
  8174 | D:7      | Identified the amulet "Quecva Geeh" {Acrobat -Tele rCorr
                  | Str+2 Dex+5}
  8335 | D:7      | Reached **** piety under Trog
  8356 | D:7      | Found an ornate altar of the Wu Jian Council.
  8771 | D:8      | Found Niroceax's Magic Scroll Emporium.
  8779 | D:8      | Bought a scroll of teleportation for 36 gold pieces
  8779 | D:8      | Bought a scroll of teleportation for 36 gold pieces
  8779 | D:8      | Bought a scroll of enchant armour for 90 gold pieces
  8779 | D:8      | Bought a scroll of identify for 24 gold pieces
  8779 | D:8      | Bought a scroll of identify for 24 gold pieces
  8814 | D:8      | Noticed a komodo dragon
  8836 | D:8      | Killed a komodo dragon
  8837 | D:8      | Reached XP level 10. HP: 63/63 MP: 11/11
  8902 | D:8      | Paralysed by a hornet for 3 turns
  8940 | D:8      | Found a staircase to the Lair.
  9223 | D:8      | Reached skill level 12 in Unarmed Combat
  9707 | D:9      | Noticed a tengu warrior
  9715 | D:9      | Killed a tengu warrior
  9726 | D:9      | Noticed an eight-headed hydra
  9728 | D:9      | Noticed a two-headed ogre
  9743 | D:9      | HP: 2/65 [eight-headed hydra (6)]
  9744 | D:9      | Mangled by an eight-headed hydra

Illustrated notes

Levels and vault maps discovered:
D:1:      dpeg_arrival_long_road, layout_basic, nicolae_ecumenical_lake_church
D:2:      layout_loops_ring, uniq_robin, uniq_sigmund
D:3:      cheibrodos_helix_gallery, layout_loops_cross, lemuel_crystal_altar,
          ebering_ghost_reflecting_pool
D:4:      layout_basic, kennysheep_mini_moat, amcnicky_altar_gilded,
          uniq_grinder, uniq_natasha
D:5:      layout_rooms, mainiacjoe_overflow_surrounded_room,
          minmay_temple_entry_mist, dreamdust_wishing_well, uniq_pikel
D:6:      layout_layer_cave, guppyfry_shop_venom
D:7:      layout_loops_ring, nicolae_wu_jian_immortal_techniques,
          chequers_temple_overflow_statue_of_worship, bh_walls_and_bars
D:8:      layout_loops_cross, grunt_lair_entry_orc_guard_hut, serial_shops,
          nicolae_diamond_shop, minmay_misc_feat_rugged, nzn_life_drinkers
D:9:      nzn_winding_woodlands_stair_cross
          [nzn_winding_woodlands_5x15_river_crossing,
          nzn_winding_woodlands_center_pierced_h,
          nzn_winding_woodlands_5x15_zeroes, nzn_winding_woodlands_5x5_default,
          nzn_winding_woodlands_5x5_default, nzn_winding_woodlands_5x15_pockets,
          nzn_winding_woodlands_center_lodge,
          nzn_winding_woodlands_5x15_concentric], layout_small_grid,
          gammafunk_ghost_berserking_beasts, serial_shops,
          nicolae_shop_advertising_works [nicolae_subvault_shop_adworks],
          enter_bailey_6, uniq_harold, uniq_prince_ribbit1, uniq_maggie

Skill      XL: |  1  2  3  4  5  6  7  8  9 10 |
---------------+-------------------------------+-----
Unarmed Combat | 4 5 7 9 10 11 12 | 12.5
Fighting       | 5 7 8 |  8.7
Armour         | 4 5 6 |  6.6
Dodging        | 4 5 6 |  6.6

Action                   |  1- 3 |  4- 6 |  7- 9 | 10-12 || total
-------------------------+-------+-------+-------+-------++-------
Melee: Unarmed           |    67 |   107 |   233 |    92 ||   499
       Kick              |    13 |    24 |    58 |    33 ||   128
       Peck              |     8 |    16 |    39 |    22 ||    85
       Punch             |     1 |     7 |    14 |     2 ||    24
Invok: Berserk           |       |     1 |     3 |     2 ||     6
       Trog's Hand       |       |       |       |     2 ||     2
  Use: Scroll            |     4 |     7 |    10 |       ||    21
       Potion            |       |       |     1 |     1 ||     2
Armor: Animal skin       |     4 |       |       |       ||     4
       Plate armour      |    23 |    59 |    66 |    38 ||   186
       Ring mail         |    10 |       |       |       ||    10
       Skin              |       |       |     1 |       ||     1
Dodge: Dodged            |    44 |    40 |   115 |   132 ||   331

Table legend: (Time is in decaauts)
 A = Elapsed time spent in this place.
 B = Non-inter-level travel time spent in this place.
 C = Inter-level travel time spent in this place.
 D = Time resting spent in this place.
 E = Time spent auto-exploring this place.
 F = Levels seen in this place.
 G = Mean time per level.
                   A        B        C        D        E       F      G
               +--------+--------+--------+--------+--------+-----+--------+
         Total |   9218 |   8938 |    280 |   3107 |   4625 |   9 | 1024.2 |
       Dungeon |   9218 |   8938 |    280 |   3107 |   4625 |   9 | 1024.2 |
               +--------+--------+--------+--------+--------+-----+--------+

Top non-repeatable levels by time:
     D:4: 2339 daAuts
     D:1: 1617 daAuts
     D:6: 1076 daAuts
     D:7: 977 daAuts
     D:8: 853 daAuts
     D:5: 808 daAuts
     D:2: 754 daAuts
     D:3: 700 daAuts
     D:9: 91 daAuts
